 Dungeon Crawl Stone Soup version 0.30-b1-2-g02819fbbbe (webtiles) character file.

Game seed: 5689079848446253307

17178 raph the Summoner (level 12, -12/68 HPs)
             Began as a Deep Elf Summoner on Oct 17, 2023.
             Was an Initiate of Gozag.
             Mangled by a komodo dragon (25 damage)
             ... on level 3 of the Lair of Beasts.
             The game lasted 00:33:18 (14397 turns).

raph the Summoner (Deep Elf Summoner)              Turns: 14397, Time: 00:33:18

Health: -12/68     AC: 12    Str:  5    XL:     12   Next: 16%
Magic:  27/27      EV: 16    Int: 26    God:    Gozag
Gold:   2368       SH:  0    Dex: 15    Spells: 1/29 levels left

rFire   . . .        z - +2 dagger (venom)
rCold   . . .        (no shield)
rNeg    + . .        I - +1 robe of the Thinker {rCorr}
rPois   .            o - +2 helmet
rElec   .            f - +2 cloak
rCorr   +            Q - +0 pair of gloves
SInv    .            c - +1 pair of boots
Will    +....        (no amulet)
Stlth   ++++         n - ring of positive energy
HPRegen 0.31/turn    r - ring of wizardry
MPRegen 0.20/turn

%: wizardry (x1)
@: no status effects
A: no striking features
a: Renounce Religion, Potion Petition, Call Merchant, Bribe Branch


You were on level 3 of the Lair of Beasts.
You worshipped Gozag.
Gozag was most pleased with you.
You visited 3 branches of the dungeon, and saw 13 of its levels.
You also visited: Sewer and Bailey.

You collected 2862 gold pieces.
You spent 427 gold pieces at shops.
You paid 67 gold pieces to Gozag.

Inventory:

Hand Weapons
 a - a +1 dagger
 d - a +0 rapier
 e - a +1 dagger of protection
 z - a +2 dagger of venom (weapon)
 E - a +2 dagger of venom
 N - a +1 dagger of electrocution
Missiles
 q - 24 poisoned darts
 A - 6 javelins
 L - a throwing net
Armour
 c - a +1 pair of boots (worn)
 f - a +2 cloak (worn)
 g - a scarf of resistance
 o - a +2 helmet (worn)
 I - the +1 robe of the Thinker (worn) {rCorr}
   (You found it in a bailey)

   rCorr:     It protects you from acid and corrosion.
 J - a scarf of shadows
 Q - a +0 pair of gloves (worn)
Jewellery
 n - a ring of positive energy (left hand)
 r - a ring of wizardry (right hand)
 t - a ring of fire
 K - a ring of fire
 M - a ring of positive energy
Wands
 B - a wand of light (13)
 G - a wand of flame (16)
 O - a wand of paralysis (6)
 R - a wand of iceblast (12)
Scrolls
 i - 6 scrolls of teleportation
 u - a scroll of fog
 y - a scroll of immolation
 D - a scroll of amnesia
 S - 3 scrolls of poison
Potions
 b - 2 potions of magic
 h - 5 potions of haste
 j - 5 potions of attraction
 k - 3 potions of cancellation
 l - a potion of brilliance
 m - 4 potions of flight
 p - 5 potions of might
 s - 3 potions of lignification
 v - 2 potions of heal wounds
 w - 3 potions of mutation
 x - 2 potions of resistance
 C - 3 potions of invisibility
 F - a potion of curing
Miscellaneous
 H - a lightning rod (4/4)
 P - a box of beasts


   Skills:
 + Level 5.3 Fighting
 + Level 6.5 Short Blades
 + Level 8.1 Dodging
 + Level 8.8 Stealth
 + Level 9.3 Spellcasting
 + Level 4.9 Hexes
 * Level 11.9 Summonings
 - Level 4.8 Translocations
 - Level 7.2 Air Magic


You had one spell level left.
You knew the following spells:

 Your Spells              Type           Power      Damage    Failure   Level
a - Summon Small Mammal   Summ           100%       N/A       1%          1
b - Call Imp              Summ           100%       N/A       1%          2
c - Call Canine Familiar  Summ           65%        N/A       1%          3
d - Summon Guardian Gole  Hex/Summ       54%        N/A       1%          3
e - Summon Lightning Spi  Summ/Air       58%        N/A       1%          4
f - Blink                 Tloc           74%        N/A       1%          2
g - Summon Forest         Summ/Tloc      27%        N/A       1%          5
h - Ensorcelled Hibernat  Hex/Ice        50%        N/A       1%          2
i - Summon Cactus Giant   Summ           32%        N/A       2%          6

Your spell library contained the following spells:

 Spells                   Type           Power      Damage    Failure   Level
 Beastly Appendage        Tmut           24%        N/A       1%          1
 Magic Dart               Conj           48%        1d5       1%          1
 Shock                    Conj/Air       100%       1d9       1%          1
 Sting                    Tmut/Pois      48%        1d5       1%          1
 Lesser Beckoning         Tloc           74%        N/A       1%          2
 Momentum Strike          Conj/Tloc      48%        3d9       1%          2
 Poisonous Vapours        Pois/Air       60%        N/A       1%          2
 Portal Projectile        Hex/Tloc       74%        N/A       1%          3
 Swiftness                Air            49%        N/A       1%          3
 Tukima's Dance           Hex            38%        N/A       1%          3
 Airstrike                Air            24%        2d(4-20)  1%          4
 Summon Mana Viper        Hex/Summ       54%        N/A       1%          5
 Mephitic Cloud           Conj/Pois/Air  24%        N/A       2%          3
 Wereblood                Tmut           12%        N/A       3%          2
 Spider Form              Tmut/Pois      12%        N/A       6%          3
 Anguish                  Hex/Necr       12%        N/A       8%          4
 Olgreb's Toxic Radiance  Pois           12%        N/A       19%         4
 Petrify                  Tmut/Erth      12%        N/A       19%         4
 Metabolic Englaciation   Hex/Ice        12%        N/A       21%         5
 Blade Hands              Tmut           6%         N/A       45%         5
 Statue Form              Tmut/Erth      8%         N/A       95%         6


Dungeon Overview and Level Annotations

Branches:
Dungeon (9/15)             Temple (1/1) D:4            Lair (3/5) D:9
 Spider (0/4) Lair:2        Sewer (visited)          Bailey (visited)
  Swamp: Lair:2-3    Shoals: Lair:2-3       Orc: D:9-12

Altars:
Ashenzari
Cheibriados
Elyvilon
Fedhas
Gozag
Hepliaklqana
Makhleb
Nemelex Xobeh
Okawaru
Qazlal
Ru
Vehumet
Wu Jian
Xom
Yredelemnul
Zin
The Shining One

Shops:
D:7 *

Annotations:
Lair:2 1 runed translucent door, Killmatronix's ghost, journeyman MiSu


Message History

You now have 2355 gold pieces (gained 12).
w - 3 potions of mutation (gained 1)
You now have 2368 gold pieces (gained 13).
A komodo dragon comes into view.
Your cerulean imp hits the komodo dragon from afar with a +1 spear.
The komodo dragon bites you but does no damage.
You hit the komodo dragon but do no damage.
The komodo dragon is poisoned.
The komodo dragon is lightly wounded.
Your cerulean imp hits the komodo dragon from afar with a +1 spear.
You hit the komodo dragon.
The komodo dragon looks as sick as possible!
The komodo dragon is moderately wounded.
The komodo dragon bites you!
Your cerulean imp hits the komodo dragon but does no damage.
You hit the komodo dragon but do no damage.
The komodo dragon looks as sick as possible!
The komodo dragon is moderately wounded.
The komodo dragon bites you.
You hit the komodo dragon.
The komodo dragon is heavily wounded.
Your cerulean imp hits the komodo dragon but does no damage.
The komodo dragon bites you!!
You hit the komodo dragon.
The komodo dragon is heavily wounded.
Your cerulean imp hits the komodo dragon from afar with a +1 spear.
You hit the komodo dragon but do no damage.
The komodo dragon looks as sick as possible!
The komodo dragon is severely wounded.
The komodo dragon barely misses you.
You hit the komodo dragon.
The komodo dragon looks as sick as possible!
The komodo dragon is severely wounded.
Your cerulean imp hits the komodo dragon from afar with a +1 spear.
The komodo dragon bites you!!
* * * LOW HITPOINT WARNING * * *
The komodo dragon attacks as you move away!
The komodo dragon bites you!!
You die...
Your body crumbles into a pile of gold.

##.#..............#
#
#.............#..##
#.........).#....#
#..P.#.#...###...##
##.#####.....##...#
#.####.......P..##
##...............##
#...5........<....##
##..@........#.....#
#...l.......#P...##
#..#.#......#....#
#............#....#
##................#
.................#
..................P
#.... ......
......##


You could see a komodo dragon (extremely poisoned, ally target) and a friendly
cerulean imp (summoned).

Vanquished Creatures
  An orc knight (Bailey)
  A black mamba (Lair:3)
  A rime drake (Lair:2)
  A komodo dragon (D:9)
  A polar bear (Lair:1)
  A jumping spider (Lair:2)
  2 water moccasins
  An ice beast (D:8)
  An orc warrior (D:7)
  A black bear (D:6)
  3 ogres
  A centaur (D:5)
  4 bullfrogs
  A gnoll sergeant (D:8)
  A crimson imp (D:7)
  2 hounds (D:6)
  4 iguanas
  5 gnolls
  A river rat (Sewer)
  3 adders
  An ufetubus (D:5)
  11 orcs
  A bat (D:2)
  4 endoplasms
  2 giant cockroaches
  5 goblins
  3 hobgoblins
  3 kobolds
  3 quokkas
  4 ball pythons
  A frilled lizard (D:1)
  3 rats
77 creatures vanquished.

Vanquished Creatures (collateral kills)
  A hydra (Lair:3)
  A skyshark (Lair:2)
  A deep elf pyromancer (Bailey)
  4 molten gargoyles (D:9)
  A torpor snail (Lair:1)
  An orange demon (D:8)
  A cane toad (Lair:1)
  A troll (D:9)
  3 polar bears (Lair:1)
  A hornet (D:9)
  A tarantella (Lair:2)
  2 shadows (D:9)
  8 yaks
  3 basilisks
  A wraith (D:9)
  2 acid dragons
  5 water moccasins
  An ice beast (D:5)
  A sky beast (D:6)
  7 orc warriors
  4 black bears
  2 ogres
  A centaur (Lair:2)
  3 phantoms
  3 kobold brigands
  6 bullfrogs
  3 scorpions
  5 jellies
  2 hounds
  A gnoll bouda (D:8)
  4 orc priests
  Jessica (D:2)
  A sleepcap (D:4)
  3 iguanas
  8 orc wizards
  Robin (D:2)
  17 gnolls
  7 river rats (Sewer)
  17 adders
  3 white imps
  A dart slug (D:1)
  41 orcs
  2 bats (D:2)
  2 endoplasms
  4 giant cockroaches
  6 goblins
  6 hobgoblins
  8 jackals
  2 quokkas
  8 ball pythons
  A frilled lizard (Sewer)
  29 kobolds
  19 rats
  A bush (Lair:2)
268 creatures vanquished.

Vanquished Creatures (others)
  A death yak (Lair:2)
  A pharaoh ant (Lair:2)
  Amaemon (D:8)
  2 polar bears (Lair:1)
  A tarantella (Lair:2)
  A water moccasin (Lair:1)
  A black bear (D:5)
  2 orc warriors
  An orc (Bailey)
  43 fungi
  46 plants
100 creatures vanquished.

Grand Total: 445 creatures vanquished

Notes
Turn   | Place    | Note
-------+----------+-------------------------------------------
     0 | D:1      | raph the Deep Elf Summoner began the quest for the Orb.
     0 | D:1      | Reached XP level 1. HP: 10/10 MP: 6/6
   270 | D:1      | Reached XP level 2. HP: 15/15 MP: 5/8
   276 | D:1      | Learned a level 2 spell: Call Imp
   316 | D:1      | Reached skill level 5 in Summonings
   656 | D:1      | Reached XP level 3. HP: 6/19 MP: 7/10
   660 | D:1      | Learned a level 3 spell: Call Canine Familiar
   664 | D:1      | Learned a level 3 spell: Summon Guardian Golem
  1030 | D:2      | Noticed Robin
  1280 | D:2      | Found a faded altar of an unknown god.
  1431 | D:2      | Noticed Jessica
  1440 | D:2      | Killed Jessica
  1441 | D:2      | Reached XP level 4. HP: 18/24 MP: 0/12
  1716 | D:2      | Reached skill level 1 in Hexes
  1863 | D:2      | Reached skill level 1 in Short Blades
  1865 | D:2      | Reached XP level 5. HP: 28/28 MP: 3/13
  1954 | D:2      | Killed Robin
  1965 | D:2      | Reached skill level 1 in Fighting
  2548 | D:3      | Found a blossoming altar of Fedhas.
  2618 | D:3      | Learned a level 2 spell: Blink
  3369 | D:4      | Reached skill level 6 in Summonings
  3376 | D:4      | Reached XP level 6. HP: 17/34 MP: 6/14
  3604 | D:4      | Found a staircase to the Ecumenical Temple.
  3679 | Temple   | Entered the Ecumenical Temple
  3896 | Temple   | Became a worshipper of Gozag Ym Sagoz the Greedy
  4045 | D:4      | Found a broken altar of Ashenzari.
  4279 | D:4      | Reached skill level 1 in Translocations
  4390 | D:4      | Found a hazy altar of Hepliaklqana.
  4742 | D:5      | Entered Level 5 of the Dungeon
  4782 | D:5      | Reached XP level 7. HP: 39/39 MP: 13/16
  4855 | D:5      | Reached skill level 5 in Spellcasting
  4860 | D:5      | Found a glowing drain.
  4969 | Sewer    | Entered a sewer
  4982 | Sewer    | Learned a level 4 spell: Summon Lightning Spire
  5073 | Sewer    | Reached skill level 1 in Air Magic
  5407 | Sewer    | Reached skill level 7 in Summonings
  5877 | D:5      | Reached XP level 8. HP: 44/44 MP: 13/17
  6146 | D:5      | Found a sacrificial altar of Ru.
  6478 | D:5      | Reached skill level 8 in Summonings
  6710 | D:6      | Reached skill level 5 in Stealth
  7014 | D:6      | Reached XP level 9. HP: 49/49 MP: 17/19
  7384 | D:6      | Reached skill level 5 in Dodging
  7532 | D:6      | Learned a level 5 spell: Summon Forest
  7601 | D:6      | Identified the +6 scale mail of the Dolphin {-Tele rPois
                  | Regen+ Int+6}
  7726 | D:7      | Found Quest's Elemental Accessories.
  7736 | D:7      | Bought a wand of flame (8) for 67 gold pieces
  7736 | D:7      | Bought a lightning rod (4/4) for 360 gold pieces
  7816 | D:7      | Found a flagged portal.
  7825 | Bailey   | Entered a bailey
  7849 | Bailey   | Reached skill level 5 in Air Magic
  7966 | Bailey   | Found a large runed translucent door.
  7966 | Bailey   | Found a large runed translucent door.
  7977 | Bailey   | Noticed a deep elf pyromancer
  7981 | Bailey   | Reached skill level 9 in Summonings
  7996 | Bailey   | Noticed an orc knight
  8028 | Bailey   | Killed an orc knight
  8198 | Bailey   | Killed a deep elf pyromancer
  8199 | Bailey   | Reached XP level 10. HP: 56/56 MP: 13/22
  8208 | Bailey   | Identified the +1 robe of the Thinker {rCorr}
  8228 | Bailey   | Identified the +0 ring mail of the Blind Marksman {rF+ rN+
                  | Str+2 Dex-5}
  8344 | D:7      | Found a burning altar of Makhleb.
  8707 | D:8      | Found a sparkling altar of Nemelex Xobeh.
  8714 | D:8      | Learned a level 2 spell: Ensorcelled Hibernation
  8718 | D:8      | Noticed an orange demon
  8719 | D:8      | Noticed Amaemon
  9425 | D:8      | Killed Amaemon
  9663 | D:8      | Found a basalt altar of Yredelemnul.
  9699 | D:8      | Killed an orange demon
 10280 | D:9      | Reached skill level 10 in Summonings
 10393 | D:9      | Noticed a molten gargoyle
 10398 | D:9      | Noticed a molten gargoyle
 10415 | D:9      | Reached skill level 5 in Short Blades
 10420 | D:9      | Killed a molten gargoyle
 10423 | D:9      | Killed a molten gargoyle
 10424 | D:9      | Noticed a molten gargoyle
 10430 | D:9      | Killed a molten gargoyle
 10573 | D:9      | Noticed a molten gargoyle
 10606 | D:9      | Killed a molten gargoyle
 10840 | D:9      | Reached XP level 11. HP: 61/61 MP: 21/24
 11376 | D:9      | Found a staircase to the Lair.
 11818 | Lair:1   | Entered Level 1 of the Lair of Beasts
 12212 | Lair:1   | Reached skill level 11 in Summonings
 13070 | Lair:2   | Noticed a death yak
 13075 | Lair:2   | Noticed a skyshark
 13083 | Lair:2   | Killed a skyshark
 13083 | Lair:2   | Killed a death yak
 13084 | Lair:2   | Reached skill level 5 in Fighting
 13287 | Lair:2   | Found a hole to the Spider Nest.
 13287 | Lair:2   | Noticed a pharaoh ant
 13331 | Lair:2   | Learned a level 6 spell: Summon Cactus Giant
 13345 | Lair:2   | Killed a pharaoh ant
 13354 | Lair:2   | Reached XP level 12. HP: 68/68 MP: 20/27
 13544 | Lair:2   | Found a runed translucent door.
 13545 | Lair:2   | Noticed Killmatronix's ghost (journeyman MiSu)
 14335 | Lair:3   | Noticed a four-headed hydra
 14342 | Lair:3   | Killed a four-headed hydra
 14397 | Lair:3   | Mangled by a komodo dragon

Illustrated notes

Levels and vault maps discovered:
D:1:      saegor_arrival_simple_c, layout_basic, chequers_serial_rivers_micro_e,
          minmay_misc_feat_secret_circle
D:2:      layout_basic, nicolae_ecumenical_oubliette, minmay_ruptured,
          uniq_jessica, uniq_robin
D:3:      layout_basic, fedhas_altar_2, dk_noncrumbling_3
D:4:      layout_gridville, general_overflow_altar, nicolae_ashenzari_skybound,
          temple_green, minmay_misc_feat_encased
D:5:      layout_basic, nicolae_ru_awakened_eye, gup_sewer_entry_glass
D:6:      layout_basic
D:7:      layout_cave_pools, makhleb_grotto_becter, enter_bailey_2,
          nicolae_elemental_shop, minmay_misc_feat_more_columns
D:8:      layout_loops_corners, mainiacjoe_overflow_six_doors_small,
          kennysheep_mini, special_room [special_room_orc], uniq_amaemon
D:9:      layout_cave_pods, due_lair_maze_entry_diamond, minivault_8
Temple:   nicolae_temple_two_arcs
Lair:1:   beast_lair_carwin_large_2, layout_long_grid
Lair:2:   layout_cave_pods, nicolae_spider_entry_lesser_pyramids,
          gammafunk_ghost_grave, grunt_forest_large_clearing_hut
Lair:3:   layout_gridlike, minmay_shoals_entry_lonely_mermaid,
          infiniplex_staircase_pool

Skill      XL: |  1  2  3  4  5  6  7  8  9 10 11 12 |
---------------+-------------------------------------+-----
Summonings     | 5 6 7 8 9 10 11 | 11.9
Spellcasting   | 4 5 6 7 9 |  9.3
Hexes          | 1 4 |  4.9
Short Blades   | 1 2 3 4 5 6 |  6.5
Fighting       | 1 2 3 4 5 |  5.3
Stealth        | 3 4 5 6 7 8 |  8.8
Dodging        | 3 4 5 6 7 8 |  8.1
Translocations | 1 2 3 4 |  4.8
Air Magic      | 2 4 5 7 |  7.2

Action                     |  1- 3 |  4- 6 |  7- 9 | 10-12 || total
---------------------------+-------+-------+-------+-------++-------
  Melee: Unarmed           |     2 |       |       |       ||     2
         Dagger            |    18 |   127 |   130 |   196 ||   471
         Punch             |       |     2 |     2 |     4 ||     8
   Cast: Summon Small Mamm |    27 |    12 |    21 |    16 ||    76
         Call Imp          |     7 |    15 |    24 |    37 ||    83
         Call Canine Famil |     4 |    14 |    22 |    28 ||    68
         Summon Guardian G |     1 |     7 |    17 |    23 ||    48
         Summon Lightning  |       |       |    19 |    22 ||    41
         Blink             |       |       |     1 |     1 ||     2
         Summon Forest     |       |       |       |     6 ||     6
         Ensorcelled Hiber |       |       |       |     1 ||     1
         Summon Cactus Gia |       |       |       |     1 ||     1
  Evoke: Lightning rod     |       |       |     2 |       ||     2
    Use: Scroll            |       |    11 |    14 |     4 ||    29
         Potion            |       |     2 |       |       ||     2
   Stab: Sleeping          |     2 |     6 |     4 |     2 ||    14
         Distracted        |     1 |     2 |     3 |     3 ||     9
 Armour: Robe              |     8 |    51 |    35 |    74 ||   168
  Dodge: Dodged            |    36 |   117 |   101 |   155 ||   409
